 Dungeon Crawl Stone Soup version 0.30-a0-652-gcc886f7154 (webtiles) character file.

Game seed: 8739948353685499234

3969 ragingrage the Spear-Bearer (level 10, -1/71 HPs)
             Began as an Armataur Wanderer on Jan 17, 2023.
             Was a Believer of Hepliaklqana.
             Killed from afar by an electric eel (9 damage)
             ... with a bolt of electricity
             ... on level 7 of the Dungeon.
             The game lasted 00:09:51 (6462 turns).

ragingrage the Spear-Bearer (Armataur Wanderer)     Turns: 6462, Time: 00:09:51

Health: -1/71      AC: 12    Str: 19    XL:     10   Next: 2%
Magic:  15/15      EV: 10    Int: 14    God:    Hepliaklqana [**....]
Gold:   130        SH:  0    Dex: 17    Spells: 15/16 levels left

rFire   + . .      SeeInvis .    B - +13 scythe of Curses {drain, curses, Drain}
rCold   + . .      Faith    +    (shield currently unavailable)
rNeg    . . .      Spirit   .    d - +1 leather armour
rPois   +          Reflect  .    K - +2 helmet
rElec   .          Harm     .    Q - scarf {rC+ rF+}
rCorr   .          Roll     +    o - +2 pair of gloves
Will    .....                    (no barding)
Stlth   +++                      I - amulet of faith
HPRegen 0.31/turn                p - +6 ring of dexterity
MPRegen 0.14/turn                h - ring of poison resistance

@: no status effects
A: reduced essence, large, rugged brown scales 3, deformed body, armoured tail,
roll, long tongue, awkward tongue
a: Renounce Religion, Recall Ancestor, Ancestor Identity


You were on level 7 of the Dungeon.
You worshipped Hepliaklqana.
Hepliaklqana was pleased with you.
You visited 2 branches of the dungeon, and saw 8 of its levels.
You also visited: Sewer.

You collected 514 gold pieces.
You spent 384 gold pieces at shops.

Inventory:

Hand Weapons
 k - a +2 dagger of venom
 B - the +13 scythe of Curses (weapon) {drain, curses, Drain}
   (You found it on level 3 of the Dungeon)

   Drain:     It drains your maximum health when unequipped.
Missiles
 b - a throwing net
 e - 8 boomerangs (quivered)
 A - 20 poisoned darts
Armour
 d - a +1 leather armour (worn)
 o - a +2 pair of gloves (worn)
 K - a +2 helmet (worn)
 Q - a scarf of resistance (worn)
Jewellery
 h - a ring of poison resistance (right hand)
 i - a ring of protection from cold
 p - a +6 ring of dexterity (left hand)
 y - a ring of ice
 I - an amulet of faith (around neck)
Wands
 F - a wand of flame (13)
 L - a wand of polymorph (7)
Scrolls
 f - a scroll of fog {unknown}
 g - 2 scrolls of amnesia
 j - 2 scrolls of brand weapon
 m - 2 scrolls of blinking
 r - 2 scrolls of identify
 t - 4 scrolls of poison
 v - a scroll of immolation {unknown}
 w - a scroll of vulnerability
 C - a scroll of enchant weapon {unknown}
 D - a scroll of enchant armour
 H - 5 scrolls of teleportation
 J - a scroll of fear
 N - a scroll of magic mapping {unknown}
Potions
 a - 2 potions of lignification
 c - 3 potions of attraction
 l - 6 potions of flight
 n - 4 potions of heal wounds
 q - a potion of cancellation {unknown}
 s - 3 potions of mutation
 u - 2 potions of berserk rage
 x - a potion of haste {unknown}
 z - a potion of resistance
 E - a potion of ambrosia {unknown}
 G - a potion of invisibility {unknown}
 M - a potion of curing {unknown}
 O - a potion of brilliance {unknown}
 P - a potion of might {unknown}


   Skills:
 - Level 2.6 Fighting
 - Level 3.3 Short Blades
 + Level 9.5 Polearms
 - Level 1.0 Throwing
 - Level 3.6 Armour
 - Level 2.2 Dodging
 - Level 6.3 Stealth
 - Level 2.2 Shields
 - Level 3.6 Spellcasting
 - Level 2.0 Necromancy


You had 15 spell levels left.
You knew the following spells:

 Your Spells              Type           Power      Damage    Failure   Level
a - Kiss of Death         Conj/Necr      20%        2d7       16%         1

Your spell library contained the following spells:

 Spells                   Type           Power      Damage    Failure   Level
 Magic Dart               Conj           8%         1d3       24%         1
 Lesser Beckoning         Tloc           4%         N/A       34%         2
 Searing Ray              Conj           4%         2d4       34%         2
 Ozocubu's Armour         Ice            2%         N/A       56%         3
 Vhi's Electric Charge    Tloc/Air       4%         N/A       56%         3
 Fulminant Prism          Conj/Hex       1%         3d5       93%         4


Dungeon Overview and Level Annotations

Branches:
Dungeon (7/15)             Temple (1/1) D:5           Sewer (visited)

Altars:
Cheibriados
Gozag
Hepliaklqana
Kikubaaqudgha
Okawaru
Trog
Uskayaw
Xom
Yredelemnul

Shops:
D:4 (   D:7 [

Annotations:
D:4 2 runed translucent doors, NinjaNoafa's ghost, novice HOFi


Innate Abilities, Weirdness & Mutations

Your life essence is reduced to manifest your ancestor. (-10% HP)
You are completely covered in rugged brown scales. (AC +3, +7% HP)
Armour fits poorly on your strangely shaped body.
You have a long armoured tail.
You roll when moving toward enemies. (Rampage)
Your long tongue fully drains potion bottles. (2x potion effects)
Your tongue gives you trouble enunciating. (1.5x scroll delay)


Message History

You roll towards the electric eel!
Merenptah points at the electric eel and mumbles some strange words.
The puff of frost hits the electric eel.
The electric eel shoots out a bolt of lightning at you!
The bolt of electricity misses you.
Reach: B) +13 scythe of Curses {drain, curses, Drain}
Press: ? - help, Dir - move target, f - electric eel
Aim: an electric eel (moderately wounded, ally target, about 40% to evade the +13 scythe of Curses)
You miss the electric eel.
The electric eel is moderately wounded.
Merenptah points at the electric eel and mumbles some strange words.
The puff of frost hits the electric eel!
The electric eel shoots out a bolt of lightning at you!
The bolt of electricity hits you!
The electric eel shoots out a bolt of lightning at Merenptah!
The bolt of electricity hits you!
The bolt of electricity hits Merenptah!
Reach: B) +13 scythe of Curses {drain, curses, Drain}
Press: ? - help, Dir - move target, f/p - electric eel
Aim: an electric eel (severely wounded, not watching you, ally target, about 40% to evade the +13 scythe of Curses)
You closely miss the electric eel.
The electric eel is severely wounded.
Merenptah casts a spell at the electric eel.
The stone arrow misses the electric eel.
The electric eel shoots out a bolt of lightning at you!
The bolt of electricity hits you.
The electric eel shoots out a bolt of lightning at you!
The bolt of electricity hits you.
The bolt of electricity hits Merenptah!
Merenptah is destroyed!
The electric eel shoots out a bolt of lightning at you!
The bolt of electricity hits you!
* * * LOW HITPOINT WARNING * * *
The electric eel shoots out a bolt of lightning at you!
The bolt of electricity hits you.
* * * LOW HITPOINT WARNING * * *
The electric eel shoots out a bolt of lightning at you!
The bolt of electricity hits you!
* * * LOW HITPOINT WARNING * * *
The electric eel shoots out a bolt of lightning at you!
The bolt of electricity hits you!
You die...

~~P≈~~≈~.≈~♣♣ # #.##.
♣~~~≈≈≈≈.≈~P♣♣♣~###♣♣♣~~.
~~~P~≈~.S~P~~~~P♣~P~~~~♣
♣PPP~~.~~~P~≈≈~P~~~~~P~
♣~P~~.~~P~≈≈~~~~~~~~~†
#~~~..................
#~S..~~~~~~~~~~~~~~PP
###..#P♣~~~~♣♣♣♣P~~~~
#.@##♣♣ ♣~♣ ♣~~P~~~
##....♣ ##~♣P~♣
####.##### ##.... #.....#
###.. #####.# ####..#
#.###.....# #..........
#.......... #..........


You could see 2 electric eels.

Vanquished Creatures
  Grinder (D:4)
  A shadow (D:6)
  Sigmund (D:4)
  2 wyverns
  Eustachio (D:6)
  A steam dragon (D:7)
  Menkaure (D:4)
  An orc warrior (D:7)
  A black bear (D:6)
  3 ogres
  A centaur (D:7)
  A kobold brigand (D:7)
  A phantom (D:7)
  2 bullfrogs
  A necrophage (D:4)
  5 scorpions
  3 killer bees (D:6)
  An electric eel (D:7)
  A howler monkey (D:5)
  2 hounds (D:5)
  A jelly (D:5)
  6 orc priests
  3 iguanas
  3 orc wizards
  Natasha (thrice) (D:4)
  8 gnolls
  15 adders
  7 river rats
  A white imp (D:6)
  An ufetubus (D:6)
  6 worms
  2 dart slugs
  24 orcs
  12 bats
  8 endoplasms
  7 giant cockroaches
  9 goblins
  7 hobgoblins
  4 jackals (Sewer)
  4 quokkas
  14 ball pythons
  10 frilled lizards
  8 kobolds
  6 rats
200 creatures vanquished.

Vanquished Creatures (collateral kills)
  Edmund (D:6)
  An ice beast (D:7)
  A necrophage (D:7)
  3 killer bees (D:6)
  A hound (D:6)
  An orc wizard (D:7)
  A shadow imp (D:7)
  An orc (D:7)
  2 kobolds (D:7)
12 creatures vanquished.

Vanquished Creatures (others)
  2 battlemagi (D:7)
  16 plants
18 creatures vanquished.

Grand Total: 230 creatures vanquished

Notes
Turn   | Place    | Note
-------+----------+-------------------------------------------
     0 | D:1      | ragingrage the Armataur Wanderer began the quest for the
                  | Orb.
     0 | D:1      | ragingrage set off with the following items: a +0 short
                  | sword, a +0 helmet, a potion of attraction, a +0 leather
                  | armour; and the following spell memorised: Kiss of Death;
                  | and the following spells available to memorise: Lesser
                  | Beckoning, Ozocubu's Armour, Vhi's Electric Charge.
     0 | D:1      | Reached XP level 1. HP: 14/14 MP: 5/5
   227 | D:1      | Reached XP level 2. HP: 21/21 MP: 6/6
   846 | D:2      | Reached XP level 3. HP: 25/27 MP: 8/8
  1289 | D:2      | Reached skill level 1 in Necromancy
  1318 | D:2      | Reached XP level 4. HP: 28/35 MP: 9/9
  1592 | D:3      | Found a glowing drain.
  1652 | Sewer    | Entered a sewer
  1857 | Sewer    | Reached XP level 5. HP: 40/40 MP: 10/10
  1991 | Sewer    | Reached skill level 5 in Stealth
  2000 | Sewer    | Reached skill level 1 in Shields
  2641 | D:3      | Found the +13 scythe of Curses {drain, curses, Drain}
  2705 | D:3      | Noticed a steam dragon
  2747 | D:3      | Found a snail-covered altar of Cheibriados.
  2755 | D:3      | Reached XP level 6. HP: 48/48 MP: 11/11
  2916 | D:4      | Noticed Grinder
  2928 | D:4      | Killed Grinder
  2929 | D:4      | Reached skill level 1 in Fighting
  2929 | D:4      | Reached skill level 1 in Dodging
  2929 | D:4      | Reached XP level 7. HP: 14/55 MP: 12/12
  2995 | D:4      | Noticed Natasha
  3141 | D:4      | Killed Natasha
  3217 | D:4      | Found Veuwn's Antique Weapon Emporium.
  3335 | D:4      | Noticed Sigmund
  3344 | D:4      | Killed Sigmund
  3402 | D:4      | Noticed Menkaure
  3407 | D:4      | Killed Menkaure
  3462 | D:4      | Found an ancient bone altar of Kikubaaqudgha.
  3463 | D:4      | Found a hide-covered altar of Uskayaw.
  3464 | D:4      | Found a hazy altar of Hepliaklqana.
  3486 | D:4      | Became a worshipper of Hepliaklqana the Forgotten
  3581 | D:4      | Noticed Natasha
  3584 | D:4      | Reached skill level 1 in Polearms
  3584 | D:4      | Killed Natasha
  3692 | D:4      | Noticed Natasha
  3697 | D:4      | Killed Natasha
  3698 | D:4      | Reached XP level 8. HP: 53/66 MP: 13/13
  3830 | D:4      | Found a shimmering altar of Xom.
  3916 | D:4      | Found a runed translucent door.
  3917 | D:4      | Noticed NinjaNoafa's ghost (novice HOFi)
  3977 | D:4      | Found a runed translucent door.
  4079 | D:5      | Entered Level 5 of the Dungeon
  4085 | D:5      | Reached skill level 2 in Polearms
  4208 | D:4      | Reached skill level 3 in Polearms
  4419 | D:5      | Reached skill level 4 in Polearms
  4423 | D:5      | Found a staircase to the Ecumenical Temple.
  4448 | Temple   | Entered the Ecumenical Temple
  4661 | D:5      | Reached skill level 5 in Polearms
  4821 | D:5      | Reached * piety under Hepliaklqana
  5138 | D:6      | Noticed Eustachio
  5140 | D:6      | Reached skill level 6 in Polearms
  5143 | D:6      | Killed Eustachio
  5144 | D:6      | Reached XP level 9. HP: 65/65 MP: 14/14
  5250 | D:6      | Reached ** piety under Hepliaklqana
  5251 | D:6      | Remembered your ancestor Merenptah as a battlemage
  5257 | D:6      | Reached skill level 7 in Polearms
  5419 | D:6      | Noticed Edmund
  5425 | D:6      | Killed Edmund
  5644 | D:6      | Reached skill level 8 in Polearms
  6086 | D:7      | Found Jicutt's Armour Shop.
  6101 | D:7      | Reached skill level 9 in Polearms
  6181 | D:7      | Bought a scarf of resistance for 384 gold pieces
  6376 | D:7      | Reached XP level 10. HP: 47/71 MP: 15/15
  6462 | D:7      | Killed from afar by an electric eel

Illustrated notes

Levels and vault maps discovered:
D:1:      dpeg_arrival_court, layout_basic, minmay_domino_4
D:2:      layout_rooms, minmay_misc_feat_four_crosses, minmay_unequal
D:3:      layout_basic, slow_altar_2, portal_sewer_entry_a, serial_park_tiny_2,
          lightli_corner_chamber
D:4:      layout_basic, mainiacjoe_overflow_alcove_1,
          chequers_temple_overflow_statue_of_worship, serial_shops,
          nicolae_shop_overgrown_old_shop, ebering_ghost_sewer_f,
          kennysheep_cross_room, corexii_checkpoint_a, uniq_natasha,
          uniq_sigmund, uniq_menkaure, uniq_grinder
D:5:      layout_cave_pools, minmay_temple_entry_statues_fountains
D:6:      layout_basic, uniq_eustachio, uniq_edmund
D:7:      layout_rooms, kennysheep_mini, serial_bayou, serial_bayou_pond_d,
          serial_bayou_lagoon_b, serial_bayou_pond_a, serial_bayou_ford_a,
          serial_shops, shop_coins, minmay_checkerbox
Temple:   kb_temple_of_zot

Skill      XL: |  1  2  3  4  5  6  7  8  9 |
---------------+----------------------------+-----
Stealth        | 4 5 6 |  6.3
Short Blades   | 2 3 |  3.3
Necromancy     | 1 2 |  2.0
Shields        | 2 |  2.2
Fighting       | 1 2 |  2.6
Armour         | 2 3 |  3.6
Dodging        | 1 2 |  2.2
Polearms       | 1 6 9 |  9.5
Throwing       | |  1.0
Spellcasting   | |  3.6

Action                   |  1- 3 |  4- 6 |  7- 9 | 10-12 || total
-------------------------+-------+-------+-------+-------++-------
Melee: Short sword       |    28 |       |       |       ||    28
       Tailslap          |    11 |    18 |     5 |       ||    34
       Punch             |     2 |     1 |       |       ||     3
       Dagger            |    62 |   187 |       |       ||   249
       Scythe            |       |    11 |   166 |     8 ||   185
Throw: Boomerang         |     4 |       |       |       ||     4
 Cast: Kiss of Death     |     1 |       |       |       ||     1
Invok: Recall Ancestor   |       |       |     1 |       ||     1
       Ancestor Life: Ba |       |       |     1 |       ||     1
  Use: Scroll            |     1 |       |    10 |       ||    11
       Potion            |       |     3 |       |       ||     3
 Stab: Sleeping          |     9 |    11 |    11 |       ||    31
       Distracted        |       |       |     4 |       ||     4
Armor: Leather armour    |    31 |    78 |    95 |     3 ||   207
Dodge: Dodged            |    25 |    79 |   108 |     2 ||   214
Block: Buckler           |       |    25 |       |       ||    25

Table legend: (Time is in decaauts)
 A = Elapsed time spent in this place.
 B = Non-inter-level travel time spent in this place.
 C = Inter-level travel time spent in this place.
 D = Time resting spent in this place.
 E = Time spent auto-exploring this place.
 F = Levels seen in this place.
 G = Mean time per level.
                   A        B        C        D        E       F      G
               +--------+--------+--------+--------+--------+-----+--------+
         Total |   6583 |   6288 |    295 |   1160 |   3575 |   9 |  731.4 |
       Dungeon |   5805 |   5520 |    285 |    868 |   3401 |   7 |  829.3 |
        Temple |    100 |     90 |     10 |     78 |     11 |   1 |  100.0 |
         Sewer |    677 |    677 |      0 |    214 |    163 |   1 |  677.0 |
               +--------+--------+--------+--------+--------+-----+--------+

Top non-repeatable levels by time:
     D:4: 1416 daAuts
     D:6: 894 daAuts
     D:1: 832 daAuts
     D:5: 797 daAuts
     D:3: 705 daAuts
   Sewer: 677 daAuts
     D:2: 646 daAuts
     D:7: 510 daAuts
  Temple: 100 daAuts
